 Dungeon Crawl Stone Soup version 0.23.2-33-g5129a83184 (webtiles) character file.

Game seed: 11015475271430617085

93 funkygono the Shield-Bearer (level 4, -2/29 HPs)
             Began as a Gargoyle Fighter on July 10, 2019.
             Killed from afar by Natasha (3 damage)
             ... with a magic dart
             ... on level 2 of the Dungeon.
             The game lasted 00:04:35 (1843 turns).

funkygono the Shield-Bearer (Gargoyle Fighter)      Turns: 1843, Time: 00:04:35

Health: -2/29      AC: 12    Str: 21    XL:     4   Next: 61%
Magic:  4/4        EV:  9    Int:  8    God:
Gold:   46         SH:  6    Dex:  9    Spells: 3/3 levels left

rFire    . . .     SeeInvis .   a - +0 flail
rCold    . . .     Gourm    .   q - +2 buckler
rNeg     + . .     Faith    .   b - +0 scale mail
rPois    ∞         Spirit   .   (no helmet)
rElec    +         Reflect  .   i - +1 cloak
rCorr    .         Harm     +   (no gloves)
MR       .....                  (no boots)
Stlth    ..........             o - amulet of harm
HPRegen  0.09/turn              (no ring)
MPRegen  0.09/turn              (no ring)

@: hasted and slowed
A: negative energy resistance 1, electricity resistance, unbreathing,
petrification resistance, rot immunity, AC +3
a: no special abilities


You were on level 2 of the Dungeon.
You were not hungry.

You visited 1 branch of the dungeon, and saw 2 of its levels.

You collected 46 gold pieces.

Inventory:

Hand Weapons
 a - a +0 flail (weapon)
Missiles
 h - 30 bolts
 m - 45 stones (quivered)
Armour
 b - a +0 scale mail (worn)
 c - a +0 shield
 i - a +1 cloak (worn)
 q - a +2 buckler (worn)
 r - a +0 plate armour
Jewellery
 o - an amulet of harm (around neck)
Scrolls
 e - 4 scrolls of remove curse
 k - 2 scrolls of identify
 l - a scroll of magic mapping
Potions
 d - a potion of might
 j - a potion of brilliance
 p - a potion of heal wounds {unknown}
 s - a potion of magic
 t - a potion of curing {unknown}
Comestibles
 f - 2 rations


   Skills:
 + Level 3.8 Fighting
 + Level 3.2 Maces & Flails
 + Level 3.8 Armour
 + Level 0.3 Dodging
 + Level 4.0 Shields


You had 3 spell levels left.
You didn't know any spells.
Your spell library was empty.

Dungeon Overview and Level Annotations

Branches:
Dungeon (2/15)

Altars:
Wu Jian
Yredelemnul

Annotations:
D:2 Natasha


Innate Abilities, Weirdness & Mutations

You are resistant to torment.
Your stone body is resilient. (AC +3)
You are immune to poison.
You resist negative energy. (rN+)
You are resistant to electric shocks. (rElec)
You can survive without breathing.
You are immune to petrification.
You are immune to rotting.


Message History

You closely miss Natasha.
Natasha is heavily wounded.
The white imp completely misses you.
Natasha stares at you and mumbles some strange words.
You resist with some effort. You block the white imp's attack.
You block Natasha's attack.
You closely miss Natasha.
Natasha is heavily wounded.
The white imp gestures at you. The puff of frost hits you.
Natasha stares at you and mumbles some strange words.
The magic dart hits you!
* * * LOW HITPOINT WARNING * * *
The white imp closely misses you. Natasha claws you.
* * * LOW HITPOINT WARNING * * *
It was a potion of haste.
You feel yourself speed up. You block the white imp's attack.
Natasha casts a spell at you. The magic dart hits you.
You die...

##.........######..#......
#...........<.............
###.#.............((##......
#...#..............(##......
#.###......>................ ..#
#..........♣.♣.♣..#..... ###
#......_...5KK.)..# (.. #
##)..>.....#♣h♣.♣<##
####..♣.♣.♣.♣.##@#.###
..............#♣5♣.#
##..#.♣.♣.♣.♣.##...#
.................(###
....................#############
...............###..............#
...##........#..#..######.......#
#...##.########.#.##............#
.....#.#..#..#..................#


You could see Natasha, 2 white imps and 2 kobolds.

Vanquished Creatures
  4 adders (D:2)
  2 worms (D:2)
  A dart slug (D:2)
  3 leopard geckos
  2 goblins
  6 hobgoblins
  6 jackals (D:2)
  2 quokkas (D:2)
  8 bats
  A frilled lizard (D:2)
  5 kobolds
  4 rats (D:2)
44 creatures vanquished.

Notes
Turn   | Place    | Note
-------+----------+-------------------------------------------
     0 | D:1      | funkygono the Gargoyle Fighter began the quest for the Orb.
     0 | D:1      | Reached XP level 1. HP: 14/14 MP: 1/1
   413 | D:1      | Reached XP level 2. HP: 18/19 MP: 2/2
   697 | D:1      | You fall through a shaft!
   770 | D:2      | Reached XP level 3. HP: 19/23 MP: 3/3
  1142 | D:2      | Reached XP level 4. HP: 27/29 MP: 4/4
  1153 | D:2      | Found an ornate altar of the Wu Jian Council.
  1277 | D:2      | Reached skill level 4 in Shields
  1766 | D:2      | Found a basalt altar of Yredelemnul.
  1817 | D:2      | Noticed Natasha
  1842 | D:2      | HP: 1/29 [Natasha (3)]
  1843 | D:2      | Killed from afar by Natasha

Skill      XL: |  1  2  3  4 |
---------------+-------------+-----
Maces & Flails | 3 |  3.2
Shields        | 4 |  4.0
Fighting       | |  3.8
Armour         | |  3.8
Dodging        | |  0.3

Action                   |  1- 3 |  4- 6 || total
-------------------------+-------+-------++-------
Melee: Flail             |   125 |    82 ||   207
  Use: Scroll            |       |     8 ||     8
       Potion            |       |     1 ||     1
  Eat: Chunk             |     1 |     2 ||     3
Armor: Scale mail        |    83 |    39 ||   122
Dodge: Dodged            |    58 |    36 ||    94
Block: Shield            |    15 |       ||    15
       Buckler           |    36 |    32 ||    68
